 Dungeon Crawl Stone Soup version 0.31-a0-1522-g43313d8a59 (webtiles) character file.

Game seed: 15198800826042169446

9 AstroCodex24 the Trooper (level 1, 0/18 HPs)
             Began as a Demigod Fighter on Dec 30, 2023.
             Slain by a quokka (3 damage)
             ... on level 1 of the Dungeon.
             The game lasted 00:00:23 (159 turns).

AstroCodex24 the Trooper (Demigod Fighter)           Turns: 159, Time: 00:00:23

Health: 0/18       AC:  6    Str: 17    XL:     1   Next: 86%
Magic:  3/3        EV:  9    Int: 10    God:
Gold:   30         SH:  4    Dex: 13    Spells: 0/0 levels left

rFire   . . .        a - +0 war axe
rCold   . . .        c - +0 buckler
rNeg    . . .        b - +0 scale mail
rPois   .            (no helmet)
rElec   .            (no cloak)
rCorr   .            (no gloves)
SInv    .            (no boots)
Will    .....        (no amulet) Stlth
                     (no ring)
HPRegen 0.23/turn    (no ring)
MPRegen 0.08/turn

%: no passive effects
@: no status effects
A: high MP 1, forlorn, divine attributes
a: no special abilities


You were on level 1 of the Dungeon.
You visited 1 branch of the dungeon, and saw 1 of its levels.

You collected 30 gold pieces.

Inventory:

Hand Weapons
 a - a +0 war axe (weapon)
Armour
 b - a +0 scale mail (worn)
 c - a +0 buckler (worn)
Jewellery
 f - a ring of protection from fire
Potions
 d - a potion of might
 e - a potion of curing {unknown}


   Skills:
 + Level 2.9 Fighting
 + Level 1.8 Axes
 + Level 2.9 Armour
 + Level 2.8 Shields


You couldn't memorise any spells.
You didn't know any spells.
Your spell library was empty.

Dungeon Overview and Level Annotations

Branches:
Dungeon (1/15)


Innate Abilities, Weirdness & Mutations

You have an increased reservoir of magic. (+10% MP)
You shall have no god before yourself.
Your divine heritage dramatically boosts your attributes as you level up.


Message History

You kill the rat!
Things that are here:
a +0 dagger; a rat corpse; a goblin corpse
Found 15 gold pieces.
Found a stone staircase leading down.
You now have 30 gold pieces (gained 15).
A kobold comes into view. It is wielding a +0 club.
Found a scroll labelled ZYV MEX ONOSI.
The kobold shouts!
A quokka comes into view.
You closely miss the kobold. The kobold closely misses you.
The kobold barely misses you.
You completely miss the kobold. The kobold hits you with a +0 club.
You closely miss the kobold. The kobold hits you with a +0 club. x2
You hit the kobold.
You kill the kobold!
You barely miss the quokka. You block the quokka's attack.
The quokka completely misses you.
There is a stone staircase leading down here.
You see here a +0 club.
You block the quokka's attack. The quokka bites you.
Found a robe.
The quokka attacks as it pursues you!
The quokka bites you but does no damage.
You block the quokka's attack. The quokka attacks as it pursues you!
The quokka bites you but does no damage.
You barely miss the quokka. You block the quokka's attack.
You miss the quokka. The quokka barely misses you.
You block the quokka's attack.
You closely miss the quokka. The quokka bites you.
The quokka bites you but does no damage.
You barely miss the quokka.
The quokka bites you but does no damage.
The quokka bites you.
You closely miss the quokka. You block the quokka's attack.
You miss the quokka. The quokka bites you.
* * * LOW HITPOINT WARNING * * *
The quokka bites you.
You die...

.......#
#......# #
#......#### #.
#..........
#..#..........
#..#.....#[...
#.............
#..@..#
##.r..# #
#....#
...###...?#
..........#
#.#.#
.....#....#
#.#.#
.###.#....#
#.#.# #
#.>..#####.#.#
#............#


You could see a quokka.

Vanquished Creatures
  A dart slug (D:1)
  An endoplasm (D:1)
  A goblin (D:1)
  A hobgoblin (D:1)
  A kobold (D:1)
  A rat (D:1)
6 creatures vanquished.

Notes
Turn   | Place    | Note
-------+----------+-------------------------------------------
     0 | D:1      | AstroCodex24 the Demigod Fighter began the quest for the
                  | Orb.
     0 | D:1      | Reached XP level 1. HP: 18/18 MP: 3/3
   159 | D:1      | Slain by a quokka

Illustrated notes

Levels and vault maps discovered:
D:1:      psy_arrival_basics, layout_basic

Action                     || total
---------------------------++-------
  Melee: War axe           ||    29
 Armour: Scale mail        ||    25
  Dodge: Dodged            ||    10
  Block: Buckler           ||     8

Table legend: (Time is in decaauts)
 A = Elapsed time spent in this place.
 B = Non-inter-level travel time spent in this place.
 C = Inter-level travel time spent in this place.
 D = Time resting spent in this place.
 E = Time spent auto-exploring this place.
 F = Levels seen in this place.
 G = Mean time per level.
                   A        B        C        D        E       F      G
               +--------+--------+--------+--------+--------+-----+--------+
         Total |    171 |    171 |      0 |      0 |      0 |   1 |  171.0 |
       Dungeon |    171 |    171 |      0 |      0 |      0 |   1 |  171.0 |
               +--------+--------+--------+--------+--------+-----+--------+

Top non-repeatable levels by time:
     D:1: 171 daAuts
